 Dungeon Crawl Stone Soup version 0.14-a0-59-gd5eeb80 (webtiles) character file.

2155 Sachiko the Grappler (level 8, -7/72 (76) HPs)
             Began as a Troll Monk on Sept 30, 2013.
             Mangled by a hill giant
             ... wielding a +0,+0 giant club
              (20 damage)
             ... on Level 6 of the Dungeon.
             The game lasted 00:15:46 (4754 turns).

Sachiko the Grappler (Troll Monk)                   Turns: 4754, Time: 00:15:47

HP  -7/72 (76)   AC  5     Str 21      XL: 8   Next: 86%
MP   2/2         EV 12     Int 10      God:
Gold 325         SH  0     Dex 12      Spells:  0 memorised,  7 levels left

Res.Fire  : . . .   See Invis. : +     - Unarmed
Res.Cold  : . . .   Warding    : .   a - +0 robe (curse)
Life Prot.: . . .   Conserve   : .   (shield restricted)
Res.Poison: .       Res.Corr.  : .   (helmet restricted)
Res.Elec. : .       Clarity    : .   (no cloak)
Sust.Abil.: . .     Spirit.Shd : .   (gloves unavailable)
Res.Mut.  : .       Stasis     : .   (boots unavailable)
Res.Rott. : .       Flight     : .   i - amulet of rage
Gourmand  : +                        q - ring of see invisible
                                     p - +3 ring of intelligence

@: slightly resistant to hostile enchantments, unstealthy
A: unfitting armour, claws 3, fast metabolism 3, gourmand, regeneration 2,
saprovore 2, tough skin 2, AC +1
a: Evoke Berserk Rage


You were on level 6 of the Dungeon.
You were not hungry.

You visited 1 branch of the dungeon, and saw 7 of its levels.

You collected 325 gold pieces.

Inventory:

Armour
 a - a cursed +0 robe (worn)
Magical devices
 f - a wand of polymorph (4)
 l - a wand of flame (3)
 s - a wand of lightning (5)
 v - a wand of polymorph (11)
Comestibles
 b - 6 meat rations
 d - 2 apples
 g - 2 chokos
 h - 4 bread rations
 m - a sausage
 r - a chunk of worker ant flesh
Scrolls
 e - a scroll of curse weapon
 j - 2 scrolls of amnesia
 k - 6 scrolls of identify
 n - a scroll of teleportation
 o - a scroll of random uselessness
 t - a scroll of fog
 u - a scroll of enchant weapon I
Jewellery
 i - an amulet of rage (around neck)
 p - a +3 ring of intelligence (left claw)
 q - a ring of see invisible (right claw)
Potions
 c - a potion of magic
 w - a potion of paralysis


   Skills:
 + Level 4.2 Fighting
 + Level 5.7 Dodging
 - Level 1.1 Stealth
 * Level 9.6 Unarmed Combat


You had 7 spell levels left.
You didn't know any spells.

Dungeon Overview and Level Annotations

Branches:
Dungeon (7/27)             Temple (0/1) D:7
    Orc: D:6-11

Altars:
Nemelex Xobeh
Okawaru
Sif Muna
Trog
Yredelemnul
Zin

Annotations:
D:7 exclusion: statue


Innate Abilities, Weirdness & Mutations

You are too large for most types of armour.
You have claws for hands.
Your metabolism is lightning-fast.
You like to eat raw meat.
You heal very quickly.
You can eat rotten meat.
You are covered in fur (AC +1).
You have very tough skin (AC +2).


Message History

Zapping:
s - a wand of lightning {zapped: 4}
Press: ? - help, Shift-Dir - straight line, f/p - hill giant
Aim: a hill giant, wielding a giant club (heavily wounded)
You hear a mighty clap of thunder!
The bolt of lightning hits the hill giant.
The hill giant is severely wounded.
The bolt of lightning hits the orc priest.
The orc priest is lightly wounded.
The bolt of lightning hits the orc priest.
You kill the orc priest!
You tear a large gash into the net.
The hill giant hits you with a giant club!
The orc priest invokes the aid of Beogh against you.
Something smites you!
You shred the net and break free!
The orc priest calls down the wrath of Beogh upon you.
Something smites you!
* * * LOW HITPOINT WARNING * * *
The hill giant hits you with a giant club!
You die...

..........# ##.##
########..# #.#
#..# #(# #..# #)#
#..# #o# #..#
.....#........#
#........# ......#
#.(......# ...
#........#
#........#
#########........#
..................<
###################


You could see a hill giant and an orc priest.

Vanquished Creatures
  A hill giant zombie (D:6)
  An ice beast (D:7)
  An orc warrior (D:6)
  A phantom (D:4)
  A deep dwarf (D:7)
  A centaur (D:5)
  An ogre (D:4)
  4 giant frogs
  A crimson imp (D:6)
  A gnoll shaman (D:4)
  Crazy Yiuf (D:5)
  A hound (D:7)
  3 scorpions
  3 orc priests (D:6)
  2 orc wizards
  8 worker ants
  4 adders
  11 gnolls
  2 big fish zombies (D:4)
  A worm zombie (D:6)
  3 giant mites
  5 worms
  An adder skeleton (D:7)
  A giant eyeball (D:7)
  An ooze (D:2)
  19 orcs
  2 ball pythons
  11 bats
  8 giant cockroaches
  8 goblins
  9 hobgoblins
  A quokka (D:4)
  4 giant geckos
  7 giant newts
  A giant newt zombie (D:5)
  4 jackals
  14 kobolds
  A kobold skeleton (D:4)
  13 rats
162 creatures vanquished.

Notes
Turn   | Place    | Note
--------------------------------------------------------------
     0 | D:1      | Sachiko, the Troll Monk, began the quest for the Orb.
     0 | D:1      | Reached XP level 1. HP: 20/20 MP: 0/0
   161 | D:1      | Reached XP level 2. HP: 28/28 MP: 0/0
   632 | D:1      | Reached XP level 3. HP: 18/31 MP: 1/1
   813 | D:2      | Found a sparkling altar of Nemelex Xobeh.
   855 | D:2      | Reached skill level 5 in Unarmed Combat
   855 | D:2      | Reached XP level 4. HP: 39/39 MP: 1/1
  1183 | D:2      | Found a bloodstained altar of Trog.
  1469 | D:3      | Reached XP level 5. HP: 45/45 MP: 1/1
  2168 | D:4      | Reached skill level 6 in Unarmed Combat
  2247 | D:4      | Reached XP level 6. HP: 48/54 MP: 2/2
  2508 | D:4      | Found a basalt altar of Yredelemnul.
  2826 | D:4      | Reached skill level 7 in Unarmed Combat
  2858 | D:4      | Reached XP level 7. HP: 28/61 MP: 2/2
  2959 | D:5      | Entered Level 5 of the Dungeon
  3052 | D:5      | Found an iron altar of Okawaru.
  3178 | D:5      | Noticed Crazy Yiuf
  3182 | D:5      | Killed Crazy Yiuf
  3255 | D:5      | Found a deep blue altar of Sif Muna.
  3457 | D:5      | Paralysed by a potion of paralysis for 3 turns
  3855 | D:6      | Reached skill level 8 in Unarmed Combat
  3929 | D:6      | Reached XP level 8. HP: 30/71 MP: 2/2
  4025 | D:6      | Found a glowing silver altar of Zin.
  4044 | D:6      | Noticed a hill giant
  4044 | D:6      | Reached skill level 5 in Dodging
  4051 | D:6      | Noticed an orange demon
  4088 | D:7      | HP: 2/71 [ogre/giant club (25)]
  4383 | D:7      | Found a staircase to the Ecumenical Temple.
  4439 | D:7      | Reached skill level 9 in Unarmed Combat
  4468 | D:7      | Paralysed by a giant eyeball for 2 turns
  4475 | D:7      | Paralysed by a giant eyeball for 2 turns
  4535 | D:7      | Noticed a wizard statue
  4754 | D:6      | Mangled by a hill giant

Action                   |  1- 3 |  4- 6 |  7- 9 || total
-------------------------+-------+-------+-------++-------
Melee: Unarmed           |    49 |   229 |   165 ||   443
 Abil: Evoke Berserk Rag |       |     1 |       ||     1
Evoke: Wand              |       |     3 |    12 ||    15
  Use: Potion            |     2 |     2 |     6 ||    10
       Scroll            |     4 |     8 |     4 ||    16
 Stab: Sleeping          |     1 |     1 |     1 ||     3
